 Dungeon Crawl Stone Soup version 0.25-b1-29-g4cfa5c7 (webtiles) character file.

Game seed: 6687407987088804502, levelgen mode: deterministic

50 Dorkslayer the Skirmisher (level 3, -1/29 HPs)
             Began as a Demonspawn Abyssal Knight on June 6, 2020.
             Was a Follower of Lugonu.
             Slain by Terence
             ... wielding a +1 short sword of electrocution
              (9 damage)
             ... on level 3 of the Dungeon.
             The game lasted 00:06:52 (1302 turns).

Dorkslayer the Skirmisher (DsAK)                    Turns: 1302, Time: 00:06:53

Health: -1/29      AC:  6    Str: 13    XL:     3   Next: 55%
Magic:  5/5        EV:  5    Int: 13    God:    Lugonu [*.....]
Gold:   104        SH: 10    Dex: 12    Spells: 2/2 levels left

rFire    . . .     SeeInvis .   f - +0 war axe
rCold    . . .     Gourm    .   p - +0 tower shield
rNeg     . . .     Faith    .   l - +0 ring mail
rPois    .         Spirit   .   (no helmet)
rElec    .         Reflect  .   (no cloak)
rCorr    .         Harm     .   (no gloves)
MR       .....                  i - +0 pair of boots
Stlth    +.........             (no amulet)
HPRegen  0.09/turn              (no ring)
MPRegen  0.09/turn              (no ring)

@: brilliant
A: spiny 1
a: Depart the Abyss, Renounce Religion


You were on level 3 of the Dungeon.
You worshipped Lugonu.
Lugonu was aware of your devotion.
You were not hungry.

You visited 1 branch of the dungeon, and saw 3 of its levels.
You visited the Abyss 1 time.

You collected 104 gold pieces.

Inventory:

Hand Weapons
 a - a +1 hand axe
 f - a +0 war axe (weapon)
Missiles
 e - 11 poisoned darts (quivered)
Armour
 i - a +0 pair of boots (worn)
 l - a +0 ring mail (worn)
 p - a +0 tower shield (worn)
Scrolls
 b - a scroll of random uselessness {unknown}
 k - a scroll of amnesia {unknown}
 q - a scroll of fog {unknown}
 s - a scroll of blinking {unknown}
Potions
 g - a potion of stabbing
 h - a potion of mutation {unknown}
 j - a potion of flight
 m - 2 potions of berserk rage
 n - a potion of brilliance
 o - a potion of ambrosia {unknown}
 r - a potion of magic {unknown}
Comestibles
 c - 2 rations


   Skills:
 * Level 3.5 Fighting
 + Level 2.2 Axes
 * Level 0.6 Throwing
 + Level 1.9 Armour
 + Level 1.2 Dodging
 + Level 0.1 Stealth
 * Level 3.0 Invocations


You had 2 spell levels left.
You didn't know any spells.
Your spell library was empty.

Dungeon Overview and Level Annotations

Branches:
Dungeon (3/15)

Altars:

Annotations:
D:3 Terence


Innate Abilities, Weirdness & Mutations

You are partially covered in sharp spines.


Message History

The bat barely misses you.
A jackal comes into view.
Terence barely misses you.
You hit Terence.
Terence is heavily wounded.
Your shield prevents you from hitting the bat.
You block the bat's attack.
An adder comes into view.
Terence hits you with a +1 short sword of electrocution.
You are electrocuted!
Ouch! That really hurt!
Terence hits you but does no damage. The kobold hits you with a +0 whip.
* * * LOW HITPOINT WARNING * * *
A jackal comes into view.
It was a potion of brilliance.
You feel clever all of a sudden.
The jackal barks!
The adder hisses angrily.
You block the kobold's attack. Terence hits you but does no damage.
You are electrocuted!
You die...

#.# .(# #
..# #. .(#
.. ..
##.#. .#
......##@#
#.S.h.@.#
#...hg#Kb#
h.... ...#
#... .....
##.
.###.## #
.# ?# #.
.# # ..


You could see Terence, an adder, 3 jackals, a goblin, a bat and a kobold.

Vanquished Creatures
  An adder (D:2)
  3 worms (D:2)
  2 dart slugs (D:2)
  A leopard gecko (D:1)
  A ball python (D:2)
  2 giant cockroaches
  3 hobgoblins
  3 bats
  2 frilled lizards
  2 goblins (D:1)
  7 kobolds
  5 rats
32 creatures vanquished.

Notes
Turn   | Place    | Note
-------+----------+-------------------------------------------
     0 | Abyss:1  | Dorkslayer the Demonspawn Abyssal Knight began the quest
                  | for the Orb.
     0 | Abyss:1  | Reached XP level 1. HP: 18/18 MP: 2/2
   128 | Abyss:1  | Noticed a smoke demon
   130 | D:1      | Escaped the Abyss
   282 | D:1      | Reached * piety under Lugonu
   434 | D:1      | Gained mutation: You are partially covered in sharp spines.
                  | [demonic ancestry]
   434 | D:1      | Reached XP level 2. HP: 23/24 MP: 3/3
   475 | D:1      | Reached skill level 1 in Dodging
   803 | D:2      | Reached XP level 3. HP: 12/29 MP: 5/5
  1297 | D:3      | Noticed Terence
  1302 | D:3      | Slain by Terence

Illustrated notes

Levels and vault maps discovered:
D:1:      saegor_arrival_simple_e, layout_rooms
D:2:      layout_basic
D:3:      layout_loops_cross, first_ration, uniq_terence

Skill      XL: |  1  2  3 |
---------------+----------+-----
Axes           | 2 |  2.2
Dodging        | 1 |  1.2
Invocations    | 3 |  3.0
Fighting       | |  3.5
Throwing       | |  0.6
Armour         | |  1.9
Stealth        | |  0.1

Action                   || total
-------------------------++-------
Melee: Hand axe          ||    57
       War axe           ||    25
Throw: Dart              ||    11
Invok: Depart the Abyss  ||     1
  Use: Scroll            ||     4
       Potion            ||     1
  Eat: Chunk             ||     1
Armor: Leather armour    ||    11
       Ring mail         ||    14
Dodge: Dodged            ||    38
Block: Tower shield      ||    12
